 Dungeon Crawl Stone Soup version 0.20.1-1-g8b1a95d (webtiles) character file.

828 Zedayar the Grappler (level 7, -1/67 HPs)
             Began as a Troll Berserker on Sept 7, 2017.
             Was an Elder of Trog.
             Slain by a water moccasin zombie (6 damage)
             ... in an ossuary.
             The game lasted 00:05:24 (2656 turns).

Zedayar the Grappler (Troll Berserker)              Turns: 2656, Time: 00:05:25

Health: -1/67      AC:  5    Str: 28    XL:     7   Next: 65%
Magic:  6/6        EV: 10    Int:  3    God:    Trog [****..]
Gold:   196        SH:  0    Dex:  9    Spells: 6/6 levels left

rFire    . . .     SeeInvis .     - Unarmed
rCold    . . .     Gourm    +   (no shield)
rNeg     . . .     Faith    .   a - +0 animal skin
rPois    .         Spirit   .   (helmet restricted)
rElec    .         Reflect  .   j - scarf {cloud immunity}
rCorr    .         Harm     .   (gloves unavailable)
MR       .....                  (boots unavailable)
Stlth    +.........             (no amulet)
Regen    0.7/turn               (no ring)
MPRegen  0.1/turn               (no ring)

@: no status effects
A: unfitting armour, claws 3, fast metabolism 3, gourmand, regeneration 1,
shaggy fur 1, tough skin 2
a: Berserk, Trog's Hand, Brothers in Arms, Burn Spellbooks, Renounce Religion


You were in an ossuary.
You worshipped Trog.
Trog was greatly pleased with you.
You were full.

You visited 1 branch of the dungeon, and saw 4 of its levels.
You also visited: Ossuary.

You collected 196 gold pieces.

Inventory:

Armour
 a - a +0 animal skin (worn)
 j - a scarf of cloud immunity (worn)
Wands
 d - a wand of lightning (8/15)
 q - a wand of paralysis (6/24)
Scrolls
 e - a scroll of immolation {unknown}
 g - a scroll of enchant weapon {unknown}
 i - 2 scrolls of identify {unknown}
 k - 3 scrolls of remove curse {unknown}
 m - 2 scrolls of recharging {unknown}
 r - 2 scrolls of amnesia {unknown}
 s - a scroll of fear {unknown}
Potions
 c - a potion of curing
 l - a potion of berserk rage
 n - a potion of agility {unknown}
 o - a potion of mutation {unknown}
 t - 2 potions of might {unknown}
Comestibles
 b - 6 bread rations
 f - 4 fruits
 h - a meat ration
 p - 2 royal jellies


   Skills:
 + Level 3.6 Fighting
 - Level 3.0 Dodging
 - Level 0.1 Stealth
 + Level 8.2 Unarmed Combat


You had 6 spell levels left.
You didn't know any spells.

Dungeon Overview and Level Annotations

Branches:
Dungeon (4/15)
 Temple: D:4-7

Altars:
Ashenzari
Makhleb
Zin


Innate Abilities, Weirdness & Mutations

You are too large for most types of armour.
You have claws for hands.
Your metabolism is lightning-fast.
You like to eat raw meat.
Your natural rate of healing is unusually fast.
You are covered in fur. (AC +1)
You have very tough skin. (AC +2)


Message History

You barely miss the water moccasin zombie.
The water moccasin zombie is moderately damaged.
The water moccasin zombie completely misses you.
The big kobold zombie hits you.
* * * LOW HITPOINT WARNING * * *
You claw the water moccasin zombie!
Your claw misses the water moccasin zombie.
The water moccasin zombie is heavily damaged.
The water moccasin zombie closely misses you.
The big kobold zombie barely misses you.
You scratch the water moccasin zombie.
The water moccasin zombie is heavily damaged.
You feel sick.
You are no longer poisoned.
The water moccasin zombie bites you.
* * * LOW HITPOINT WARNING * * *
You scratch the water moccasin zombie.
The water moccasin zombie is severely damaged.
The water moccasin zombie bites you.
You die...

##################
'.^^'....'^^^'..∩#
#..^#....#.^^#...#
#..^#....#^^.#...#
################'#
# #..^# # #.^^# #
#^^@# # #^ZZ# #
###Z# # #...# #
#...# # #...# #
#...# # ##+## #


You could see a water moccasin zombie, a kobold zombie and a big kobold zombie.

Vanquished Creatures
  The ghost of theAP the Digger, an amateur GrEE (D:3)
  Blork the orc (D:4)
  4 water moccasin zombies (Ossuary)
  An orc priest (D:4)
  A hound (D:3)
  An orc wizard (D:4)
  Ijyb (D:4)
  Terence (D:3)
  6 big kobold zombies (Ossuary)
  7 adders
  An ooze (D:2)
  5 adder zombies (Ossuary)
  2 worms (D:2)
  3 dart slugs
  6 leopard geckos
  An orc (D:4)
  4 bats
  3 giant cockroaches
  3 gnoll zombies (Ossuary)
  10 goblins
  6 hobgoblins
  11 jackals
  A ball python (D:2)
  5 frilled lizards
  3 hobgoblin zombies (Ossuary)
  5 kobolds
  2 kobold zombies (Ossuary)
  2 orc zombies (Ossuary)
  2 rats (D:1)
99 creatures vanquished.

Notes
Turn   | Place    | Note
-------+----------+-------------------------------------------
     0 | D:1      | Zedayar the Troll Berserker began the quest for the Orb.
     0 | D:1      | Reached XP level 1. HP: 22/22 MP: 0/0
    85 | D:1      | Reached XP level 2. HP: 15/29 MP: 1/1
   664 | D:1      | Reached ** piety under Trog
   756 | D:1      | Reached XP level 3. HP: 36/36 MP: 2/2
  1192 | D:2      | Reached skill level 4 in Unarmed Combat
  1192 | D:2      | Reached XP level 4. HP: 35/44 MP: 3/3
  1344 | D:2      | Found a shattered altar of Ashenzari.
  1476 | D:3      | Noticed Terence
  1485 | D:3      | Killed Terence
  1765 | D:3      | Reached XP level 5. HP: 43/53 MP: 4/4
  1870 | D:3      | Noticed theAP's ghost (amateur GrEE)
  1881 | D:3      | Killed theAP's ghost
  1881 | D:3      | Reached skill level 5 in Unarmed Combat
  1882 | D:3      | Reached *** piety under Trog
  2028 | D:3      | Reached XP level 6. HP: 61/61 MP: 5/5
  2121 | D:3      | Found a burning altar of Makhleb.
  2125 | D:3      | Reached skill level 6 in Unarmed Combat
  2235 | D:4      | Found a glowing silver altar of Zin.
  2323 | D:4      | Noticed Blork the orc
  2336 | D:4      | Killed Blork the orc
  2368 | D:4      | Noticed Ijyb
  2376 | D:4      | Killed Ijyb
  2395 | D:4      | Found a sand-covered staircase.
  2403 | Ossuary  | Entered an ossuary
  2443 | Ossuary  | Reached skill level 7 in Unarmed Combat
  2452 | Ossuary  | Reached XP level 7. HP: 35/67 MP: 6/6
  2490 | Ossuary  | Reached **** piety under Trog
  2638 | Ossuary  | Reached skill level 8 in Unarmed Combat
  2656 | Ossuary  | Slain by a water moccasin zombie

Skill      XL: |  1  2  3  4  5  6  7 |
---------------+----------------------+-----
Dodging        | 3 |  3.0
Unarmed Combat | 4 5 7 8 |  8.2
Fighting       | 3 |  3.6
Stealth        | |  0.1

Action                   |  1- 3 |  4- 6 |  7- 9 || total
-------------------------+-------+-------+-------++-------
Melee: Unarmed           |    88 |   114 |    87 ||   289
       Punch             |     1 |     5 |     6 ||    12
  Use: Potion            |       |     3 |       ||     3
 Stab: Sleeping          |     1 |       |       ||     1
  Eat: Chunk             |    15 |    11 |       ||    26
Armor: Animal skin       |    43 |    56 |    27 ||   126
Dodge: Dodged            |    64 |    84 |    55 ||   203
